 Dungeon Crawl Stone Soup version 0.20-a0-1015-g2ec8a95 (webtiles) character file.

154 volk64 the Charmwright (level 5, -1/42 HPs)
             Began as a Gnoll Skald on Apr 15, 2017.
             Slain by an ogre
             ... wielding a +0 giant club
              (22 damage)
             ... on level 4 of the Dungeon.
             The game lasted 00:10:40 (3245 turns).

volk64 the Charmwright (Gnoll Skald)                Turns: 3245, Time: 00:10:40

Health: -1/42      AC:  4    Str: 11    XL:     5   Next: 35%
Magic:  2/11       EV:  9    Int: 13    God:
Gold:   185        SH:  3    Dex: 14    Spells: 1/12 levels left

rFire    . . .     SeeInvis .   a - +0 spear
rCold    . . .     Gourm    .   m - +0 buckler
rNeg     . . .     Faith    .   b - +0 leather armour
rPois    .         Spirit   .   (no helmet)
rElec    .         Reflect  .   (no cloak)
rCorr    .         Harm     .   (no gloves)
MR       .....                  k - +0 pair of boots
Stlth    +++.......             (no amulet)
Regen    0.2/turn               s - ring of stealth
MPRegen  0.2/turn               (no ring)

@: very slightly contaminated, constricted
A: short attention span, fangs 1, strong nose
a: no special abilities


You were on level 4 of the Dungeon.
You were very hungry.

You visited 1 branch of the dungeon, and saw 4 of its levels.

You collected 185 gold pieces.

Inventory:

Hand Weapons
 a - a +0 spear (weapon)
 h - a +0 hunting sling
 x - a +0 halberd
Missiles
 j - 3 tomahawks (quivered)
 l - 118 stones
Armour
 b - a +0 leather armour (worn)
 k - a +0 pair of boots (worn)
 m - a +0 buckler (worn)
Jewellery
 s - a ring of stealth (left hand)
 w - an uncursed ring of see invisible {unknown}
Scrolls
 g - 4 scrolls of identify
 p - 3 scrolls of teleportation
 r - a scroll of remove curse
 u - a scroll of enchant weapon {unknown}
Potions
 e - a potion of flight {unknown}
 i - 4 potions of brilliance
 n - 2 potions of curing {unknown}
 q - a potion of berserk rage {unknown}
 z - 2 potions of cancellation {unknown}
Books
 c - a book of Battle

   Spells                             Type                      Level
   a - Infusion                       Charms                       1
   b - Shroud of Golubria             Charms/Translocation         2
   c - Song of Slaying                Charms                       2
   d - Spectral Weapon                Hexes/Charms                 3
   e - Regeneration                   Charms/Necromancy            3
 v - a book of Changes

   Spells                             Type                      Level
   a - Beastly Appendage              Transmutation                1
   b - Sticks to Snakes               Transmutation                2
   c - Spider Form                    Transmutation/Poison         3
   d - Ice Form                       Ice/Transmutation            4
   e - Blade Hands                    Transmutation                5
Comestibles
 d - 3 bread rations
 o - a meat ration
 t - 6 fruits


   Skills:
 + Level 3.7 Fighting
 + Level 3.9 Polearms
 + Level 3.5 Slings
 + Level 2.0 Armour
 + Level 3.6 Dodging
 + Level 1.3 Stealth
 + Level 4.1 Spellcasting
 + Level 5.0 Charms
 * Level 1.1 Transmutations
 * Level 1.1 Poison Magic


You had one spell level left.
You knew the following spells:

 Your Spells              Type           Power        Failure   Level  Hunger
a - Infusion              Chrm           ###.         8%          1    None
b - Song of Slaying       Chrm           ###.....     10%         2    ##.....
c - Spectral Weapon       Hex/Chrm       #.......     50%         3    ###....
d - Shroud of Golubria    Chrm/Tloc      #.........   24%         2    ##.....
e - Spider Form           Tmut/Pois      #.........   85%         3    ###....


Dungeon Overview and Level Annotations

Branches:
Dungeon (4/15)
 Temple: D:4-7

Altars:
Gozag
Nemelex Xobeh


Innate Abilities, Weirdness & Mutations

You have a short attention span.
You have very sharp teeth.
Your uncanny sense of smell can sniff out nearby items.


Message History

Casting: Spectral Weapon
Confirm with . or Enter, or press ? or * to list all spells.
You miscast Spectral Weapon.
Your skin tingles.
You are feeling very hungry.
Casting: Spectral Weapon
Confirm with . or Enter, or press ? or * to list all spells.
You miscast Spectral Weapon.
Waves of light ripple over your body. The ball python bites you.
The ball python grabs you. The ball python constricts you.
The ogre hits you with a giant club!
Casting: Spectral Weapon
Confirm with . or Enter, or press ? or * to list all spells.
You don't have enough magic to cast that spell.
You hit the ogre.
The ogre is lightly wounded.
The ball python bites you. The ball python constricts you.
You barely miss the ogre.
The ogre is lightly wounded.
The ogre hits you with a giant club!!
Ouch! That really hurt!
You die...

...............#.......#...
###########..#.#.8...8.####
##.#.##.....##
###.#..###.###
............# ###..#.#####
# #.#####.# # ∆ #..?....# .
#@O.....# # ##S.....# #
......# # ####### # ..#
#... # # #


You could see an ogre and a ball python.

Vanquished Creatures
  An orc wizard (D:4)
  2 adders
  2 oozes
  4 worms
  3 dart slugs
  9 leopard geckos
  3 orcs
  2 giant cockroaches
  4 goblins
  8 hobgoblins
  6 kobolds
  2 quokkas
  6 bats
  10 frilled lizards
  10 rats
72 creatures vanquished.

Vanquished Creatures (others)
  7 toadstools (D:1)
7 creatures vanquished.

Grand Total: 79 creatures vanquished

Notes
Turn   | Place    | Note
-------+----------+-------------------------------------------
     0 | D:1      | volk64 the Gnoll Skald began the quest for the Orb.
     0 | D:1      | Reached XP level 1. HP: 18/18 MP: 4/4
   299 | D:1      | Reached XP level 2. HP: 24/24 MP: 2/6
   303 | D:1      | Learned a level 2 spell: Song of Slaying
   528 | D:1      | Reached skill level 5 in Charms
   547 | D:1      | Reached XP level 3. HP: 25/29 MP: 8/8
   666 | D:1      | Learned a level 3 spell: Spectral Weapon
   922 | D:2      | Reached skill level 1 in Slings
  1171 | D:2      | Learned a level 2 spell: Shroud of Golubria
  1277 | D:2      | Reached XP level 4. HP: 29/35 MP: 7/10
  1464 | D:2      | Found a sparkling altar of Nemelex Xobeh.
  2307 | D:3      | Learned a level 3 spell: Spider Form
  2892 | D:4      | Reached skill level 1 in Stealth
  2895 | D:4      | Reached skill level 1 in Transmutations
  2895 | D:4      | Reached XP level 5. HP: 28/41 MP: 11/11
  3216 | D:4      | Found an opulent altar of Gozag.
  3234 | D:4      | Reached skill level 1 in Poison Magic
  3238 | D:4      | Noticed an ogre
  3245 | D:4      | Slain by an ogre

Vault maps used:
D:1:      nagdon_arrival_double_spiral
D:2:      nemelex_xobeh_ov_fountains_minmay, minmay_heptomino_h4
D:4:      chequers_temple_overflow_minitemple, first_bread, grunt_gozag_statues

Skill      XL: |  1  2  3  4  5 |
---------------+----------------+-----
Charms         | 5 |  5.0
Slings         | 2 3 |  3.5
Spellcasting   | 4 |  4.1
Armour         | 2 |  2.0
Stealth        | 1 |  1.3
Transmutations | 1 |  1.1
Poison Magic   | 1 |  1.1
Fighting       | |  3.7
Polearms       | |  3.9
Dodging        | |  3.6

Action                   |  1- 3 |  4- 6 || total
-------------------------+-------+-------++-------
Melee: Spear             |    44 |    97 ||   141
       Bite              |     5 |     4 ||     9
 Fire: Hunting sling     |   108 |   101 ||   209
Throw: Tomahawk          |     3 |       ||     3
 Cast: Infusion          |     7 |     3 ||    10
       Song of Slaying   |     2 |       ||     2
       Shroud of Golubri |     1 |       ||     1
  Use: Scroll            |     4 |     2 ||     6
       Potion            |     2 |       ||     2
 Stab: Sleeping          |       |     5 ||     5
       Distracted        |       |     1 ||     1
  Eat: Chunk             |     1 |     6 ||     7
Armor: Leather armour    |    33 |    18 ||    51
Dodge: Dodged            |    74 |    62 ||   136
Block: Buckler           |     1 |    15 ||    16
